 Dungeon Crawl Stone Soup version 0.27.1-34-g3ba077fa99 (webtiles) character file.

Game seed: 1870168131540502052

117 Cykl0x the Slasher (level 5, -1/31 HPs)
             Began as a Gargoyle Gladiator on Jan 3, 2022.
             Killed from afar by Natasha (7 damage)
             ... with a puff of flame
             ... on level 3 of the Dungeon.
             The game lasted 00:03:17 (2762 turns).

Cykl0x the Slasher (Gargoyle Gladiator)             Turns: 2762, Time: 00:03:18

Health: -1/31      AC:  9    Str: 19    XL:     5   Next: 1%
Magic:  6/6        EV: 12    Int:  8    God:
Gold:   82         SH:  0    Dex: 11    Spells: 5/5 levels left

rFire    . . .     SeeInvis .   a - +0 long sword
rCold    . . .     Faith    .   (no shield)
rNeg     + . .     Spirit   .   b - +0 leather armour
rPois    ∞         Reflect  .   f - +2 hat
rElec    +         Harm     .   (no cloak)
rCorr    .         Rampage  .   (no gloves)
Will     .....                  (no boots)
Stlth    +.........             (no amulet)
HPRegen  0.10/turn              (no ring)
MPRegen  0.10/turn              (no ring)

@: no status effects
A: sickness immunity, AC +4, negative energy resistance 1, electricity
resistance, torment resistance 1, petrification resistance
a: no special abilities


You were on level 3 of the Dungeon.
You visited 1 branch of the dungeon, and saw 3 of its levels.

You collected 82 gold pieces.

Inventory:

Hand Weapons
 a - a +0 long sword (weapon)
 j - a +0 short sword of venom
Missiles
 e - 72 stones
 n - a throwing net (quivered)
Armour
 b - a +0 leather armour (worn)
 c - a +0 helmet
 f - a +2 hat (worn)
Scrolls
 g - a scroll of vulnerability
 m - a scroll of teleportation
Potions
 d - 7 potions of attraction {unknown}
 h - a potion of degeneration {unknown}
 i - a potion of flight {unknown}
 k - a potion of brilliance {unknown}
 l - a potion of heal wounds {unknown}


   Skills:
 + Level 2.4 Fighting
 + Level 3.3 Long Blades
 + Level 2.1 Throwing
 * Level 1.7 Armour
 + Level 2.7 Dodging
 + Level 0.1 Stealth
 * Level 0.9 Spellcasting
 * Level 2.1 Conjurations


You had 5 spell levels left.
You didn't know any spells.
Your spell library contained the following spells:

 Spells                   Type           Power      Damage    Failure   Level
 Olgreb's Toxic Radiance  Pois           0%         N/A       99%         4
 Ozocubu's Refrigeration  Ice            0%         4d5       100%        7
 Ignition                 Fire           0%         3d3       100%        8


Dungeon Overview and Level Annotations

Branches:
Dungeon (3/15)

Altars:
Ashenzari

Annotations:
D:2 1 runed translucent door, Crazy Yiuf
D:3 Natasha


Innate Abilities, Weirdness & Mutations

You are immune to sickness and miasma.
Your stone body is resilient. (AC +4)
You are immune to poison.
You resist negative energy. (rN+)
You are resistant to electric shocks. (rElec)
You are resistant to unholy torment.
You are immune to petrification.


Message History

A rat is nearby!
Natasha, Servant of Life and Death comes into view.
She is carrying a wand of flame (22).
Natasha hisses angrily.
The rat bites you but does no damage.
Natasha zaps a wand.
The puff of flame hits you.
You throw a throwing net.
The throwing net closely misses the rat.
The rat bites you.
Natasha zaps a wand.
The puff of flame misses you.
You closely miss the rat. The rat bites you but does no damage.
Natasha zaps a wand.
The puff of flame hits you.
You completely miss the rat. The rat barely misses you.
You hit the rat.
The rat is heavily wounded.
The rat closely misses you.
You riposte.
You closely miss the rat.
The rat is heavily wounded.
You barely miss the rat.
The rat is heavily wounded.
The rat bites you but does no damage. Natasha casts a spell at you.
The magic dart hits you but does no damage.
The rat bites you but does no damage.
You hit the rat but do no damage.
The rat is heavily wounded.
The rat barely misses you.
Natasha zaps a wand.
The puff of flame hits you but does no damage.
You closely miss the rat.
The rat is heavily wounded.
The rat barely misses you. Natasha claws you!
You slash the rat!
You kill the rat!
Natasha completely misses you. Natasha closely misses you.
You riposte.
You closely miss Natasha.
You see here a murky coppery potion.
Natasha stares at you and mumbles some strange words.
The magic dart hits you!
* * * LOW HITPOINT WARNING * * *
You see here a throwing net.
n - a throwing net Natasha zaps a wand.
The puff of flame hits you!
You die...

#............ #########
#............
#.......########............
...............#............
#.......######..............
#.......#######.............
######........#.#########...
........h!...#..# #...
#####.....@..##.########...
##.....####..##....###.
#.....# ##.##.##.# #.
#.....#####.##.##.###.
.......................
.##.....#####..####.....
#.................##^#
#.................#...
................#..#


You could see Natasha.

Vanquished Creatures
  Jessica (D:2)
  2 adders
  2 dart slugs
  10 ball pythons
  7 bats
  3 endoplasms (D:1)
  4 giant cockroaches
  8 goblins
  4 hobgoblins
  2 jackals (D:1)
  4 quokkas
  4 frilled lizards
  3 kobolds
  11 rats
65 creatures vanquished.

Notes
Turn   | Place    | Note
-------+----------+-------------------------------------------
     0 | D:1      | Cykl0x the Gargoyle Gladiator began the quest for the Orb.
     0 | D:1      | Reached XP level 1. HP: 12/12 MP: 1/1
    58 | D:1      | Reached XP level 2. HP: 10/17 MP: 2/2
    90 | D:1      | Reached skill level 1 in Conjurations
   316 | D:1      | Reached skill level 3 in Long Blades
   390 | D:1      | Found a faded altar of an unknown god.
   518 | D:1      | Reached XP level 3. HP: 14/21 MP: 3/3
  1047 | D:2      | Noticed Jessica
  1053 | D:2      | Killed Jessica
  1054 | D:2      | Reached skill level 1 in Armour
  1054 | D:2      | Reached XP level 4. HP: 17/26 MP: 3/5
  1482 | D:2      | Found a broken altar of Ashenzari.
  1664 | D:2      | Found a runed translucent door.
  1667 | D:2      | Noticed Crazy Yiuf
  2576 | D:3      | Reached XP level 5. HP: 23/31 MP: 6/6
  2750 | D:3      | Noticed Natasha
  2762 | D:3      | Killed from afar by Natasha

Illustrated notes

Levels and vault maps discovered:
D:1:      dpeg_arrival_simpleton_a, layout_rooms,
          ebering_ecumenical_altar_abandoned, nrook_mini_backslash,
          minmay_tromino_v4_c
D:2:      layout_basic, basic_altar, uniq_crazy_yiuf_cottage, uniq_jessica
D:3:      layout_basic, grunt_decor_junction, uniq_natasha

Skill      XL: |  1  2  3  4 |
---------------+-------------+-----
Conjurations   | 1 2 |  2.1
Long Blades    | 3 |  3.3
Throwing       | 2 |  2.1
Armour         | 1 |  1.7
Fighting       | |  2.4
Dodging        | |  2.7
Stealth        | |  0.1
Spellcasting   | |  0.9

Action                   |  1- 3 |  4- 6 || total
-------------------------+-------+-------++-------
Melee: Long sword        |    93 |    74 ||   167
Throw: Throwing net      |     4 |     1 ||     5
       Stone             |    25 |    59 ||    84
  Use: Scroll            |     2 |     1 ||     3
Armor: Leather armour    |    55 |    37 ||    92
Dodge: Dodged            |    95 |    49 ||   144
       Rpst.: Long sword |    20 |    10 ||    30
